AoeStats
← powerkek

Oasis

509165106Analyzed
4v4 RM · 6d ago on Sep 25, 2026· 50m 19s· 8 players
Game mode
Random Map
Map size
Large (8 player)
Population
200
Speed
Normal
Resources
Standard
Victory
Conquest
Starting age
Dark Age
Ending age
Imperial Age
RankedLock teamsTeams togetherTeam positionsShared explorationLock speedFull tech treeHidden civsTurbo modeCheats
Victory
Defeat
🇺🇸 Hindustanis · United States
1010
+15
🇨🇱 Saracens · Chile
1007
+15
🇮🇳 Italians · India
1000
+15
🇮🇳 Khitans · India
990
+15
🇸🇰 Bohemians · Slovakia
988
-16
🇺🇸 Danes · United States
983
-15
🇸🇰 Koreans · Slovakia
980
-15
🇷🇺 Romans · Russia
960
-14
powerkek
5:22 Loom
12:37 Feudal Age
14:27 Wheelbarrow
13:35 Horse Collar
14:10 Double-Bit Axe
26:21 Castle Age
26:37 Fletching
27:18 Bow Saw
29:11 Hand Cart
30:13 Stone Mining
30:57 Town Watch
31:35 Heavy Plow
31:56 Gold Mining
33:44 Bodkin Arrow
36:30 Fortified Wall
36:31 Masonry
39:10 Eupseong
40:15 Gold Shaft Mining
42:07 Ballistics
41:45 Murder Holes
45:06 Imperial Age
42:40 Town Patrol
42:30 Treadmill Crane
45:55 Bracer
45:56 Scale Mail Armor
45:21 Heavy Rocket Cart
46:16 Elite Fire Lancer
Iraqi Fairy Queen
9:07 Loom
10:53 Feudal Age
13:22 Horse Collar
14:42 Double-Bit Axe
17:22 Castle Age
25:52 Imperial Age
23:18 Pikeman
26:01 Chemistry
25:37 Heavy Plow
26:03 Bow Saw
27:11 Forging
28:07 Squires
31:09 Wheelbarrow
32:10 Forging
32:01 Scale Mail Armor
32:16 Halberdier
34:54 Houfnice
37:00 Siege Engineers
43:20 Caravan
47:01 Redemption
47:48 Hand Cart
shamannking1993
2:13 Loom
14:47 Feudal Age
18:51 Castle Age
16:47 Stone Mining
16:38 Man-at-Arms
17:31 Forging
19:57 Wheelbarrow
20:43 Fletching
20:54 Padded Archer Armor
32:40 Murder Holes
32:18 Long Swordsman
32:59 Squires
36:44 Pikeman
37:40 Horse Collar
37:49 Double-Bit Axe
38:26 Hand Cart
40:11 Caravan
45:34 Imperial Age
45:04 Iron Casting
46:47 Legionary
Lordnino
12:26 Feudal Age
10:42 Loom
14:04 Horse Collar
14:11 Double-Bit Axe
19:09 Castle Age
17:46 Gold Mining
19:28 Stone Mining
20:11 Heavy Plow
20:23 Bow Saw
20:57 Gold Shaft Mining
21:00 Stone Shaft Mining
23:14 Gambesons
23:30 Squires
23:41 Forging
23:32 Scale Mail Armor
23:41 Arson
27:17 Wheelbarrow
26:32 Town Watch
27:02 Caravan
30:24 Hand Cart
30:23 Hamask
31:22 Chain Mail Armor
31:44 Iron Casting
30:59 Fletching
32:23 Town Patrol
33:21 Bodkin Arrow
36:32 Imperial Age
36:07 Ballistics
36:47 Fervor
37:06 Masonry
36:54 Murder Holes
36:52 Elite Varangian Guard
38:40 Blast Furnace
38:13 Plate Mail Armor
38:11 Conscription
38:08 Elite Jomsviking
39:35 Bracer
41:33 Hoardings
41:34 Padded Archer Armor
42:38 Chemistry
41:31 Northmen's Fury
48:08 Siege Engineers
48:13 Man-at-Arms
49:12 Leather Archer Armor
48:34 Onager
49:12 Guard Tower
49:33 Masonry
48:50 Long Swordsman
49:50 Siege Onager
Achilles333
9:55 Feudal Age
9:36 Loom
20:22 Castle Age
18:18 Double-Bit Axe
18:21 Horse Collar
21:47 Town Watch
23:58 Gold Mining
24:26 Bow Saw
24:17 Heavy Plow
29:18 Imperial Age
27:11 Grand Trunk Road
31:16 Chemistry
32:15 Two-Man Saw
31:53 Gold Shaft Mining
32:03 Wheelbarrow
35:23 Heavy Camel Rider
36:14 Bloodlines
36:04 Husbandry
36:38 Hand Cart
36:50 Scale Barding Armor
36:55 Forging
40:52 Chain Barding Armor
41:08 Iron Casting
42:03 Caravan
41:43 Imperial Camel Rider
47:59 Plate Barding Armor
Maverick
11:43 Feudal Age
15:08 Castle Age
13:41 Double-Bit Axe
13:41 Domestication
14:38 Gold Mining
14:40 Stone Mining
15:21 Loom
16:12 Wheelbarrow
16:51 Bow Saw
16:50 Pastoralism
25:22 Forging
25:53 Husbandry
26:16 Fletching
30:23 Imperial Age
28:12 Bodkin Arrow
30:11 Stone Shaft Mining
31:00 Iron Casting
30:54 Elite Steppe Lancer
31:14 Light Cavalry
31:36 Heavy Camel Rider
33:45 Conscription
33:52 Scale Mail Armor
34:31 Lamellar Armor
35:03 Hand Cart
37:19 Chain Mail Armor
37:05 Bracer
37:11 Scale Barding Armor
36:52 Hussar
38:54 Chemistry
38:15 Ballistics
37:48 Town Watch
39:18 Transhumance
40:00 Elite Liao Dao
41:56 Plate Mail Armor
42:37 Siege Engineers
42:53 Ballistics
42:44 Masonry
43:47 Two-Man Saw
43:06 Murder Holes
45:42 Arson
45:57 Squires
47:31 Caravan
49:55 Chain Barding Armor
Avalon
1:14 Loom
10:21 Feudal Age
10:50 Horse Collar
11:04 Double-Bit Axe
12:47 Wheelbarrow
17:48 Castle Age
16:28 Stone Mining
19:40 Town Watch
20:14 Hand Cart
25:18 Bow Saw
25:33 Gold Mining
27:48 Heavy Plow
31:37 Imperial Age
29:59 Fletching
30:09 Padded Archer Armor
30:24 Town Watch
30:39 Bodkin Arrow
32:02 Ballistics
33:25 Chemistry
32:52 Bracer
33:02 Forging
35:56 Leather Archer Armor
35:53 Thumb Ring
36:25 Pirotechnia
36:35 Conscription
38:00 Ring Archer Armor
38:40 Elite Genoese Crossbowman
46:47 Caravan
ELEG TIRANO
13:09 Feudal Age
13:09 Loom
15:23 Double-Bit Axe
15:21 Horse Collar
15:35 Gold Mining
19:13 Wheelbarrow
18:24 Town Watch
21:34 Castle Age
20:45 Padded Archer Armor
20:36 Fletching
30:41 Elite Skirmisher
31:38 Leather Archer Armor
31:22 Bodkin Arrow
48:02 Hand Cart
47:33 Town Watch
50:30 Husbandry
50:51 Bloodlines
Connection lost

Rejoining the realm…

Still unreachable

The connection could not be restored.

Session expired

The server has moved on; the page needs a fresh start.